 Dungeon Crawl Stone Soup version 0.22-a0-614-g34fbaa0 (webtiles) character file.

5797 royokou the Destroyer (level 10, -1/77 (78) HPs)
             Began as a Green Draconian Conjurer on July 11, 2018.
             Was a High Priest of Sif Muna.
             Slain by a yak (15 damage)
             ... on level 8 of the Dungeon.
             The game lasted 01:03:09 (10525 turns).

royokou the Destroyer (Green Draconian Conjurer)   Turns: 10525, Time: 01:03:09

HP:   -1/77 (78)    AC: 11    Str: 10    XL:     10   Next: 50%
MP:   18/22         EV: 13    Int: 25    God:    Sif Muna [*****.]
Gold: 208           SH:  0    Dex: 12    Spells: 4/26 levels left

rFire    . . .     SeeInvis .   w - -2 rapier (curse)
rCold    . . .     Gourm    .   (no shield)
rNeg     . . .     Faith    .   (armour unavailable)
rPois    +         Spirit   .   (helmet restricted)
rElec    .         Reflect  .   z - +0 cloak {+Inv}
rCorr    .         Harm     .   (no gloves)
MR       .....                  x - +2 pair of boots
Stlth    +++.......             i - amulet of magic regeneration
HPRegen  0.22/turn              C - ring of stealth
MPRegen  0.43/turn              s - +6 ring of intelligence

@: drained, divine energy
A: breathe noxious fumes, unfitting armour, poison resistance, cold-blooded, AC
+7
a: Breathe Noxious Fumes, Stop Divine Energy, Channel Magic, Forget Spell,
Renounce Religion, Evoke Invisibility


You were on level 8 of the Dungeon.
You worshipped Sif Muna.
Sif Muna was extremely pleased with you.
You were not hungry.

You visited 1 branch of the dungeon, and saw 10 of its levels.

You collected 530 gold pieces.
You spent 322 gold pieces at shops.

Inventory:

Hand Weapons
 h - a +0 hand axe of chopping
 n - a +5 short sword
 o - a -2 dagger
 w - a cursed -2 rapier (weapon)
 A - a +0 long sword
 B - a +0 falchion of electrocution
Armour
 m - a +0 buckler
 x - a +2 pair of boots (worn)
 z - a +0 cloak of invisibility (worn)
Jewellery
 c - a +2 ring of protection
 i - an amulet of magic regeneration (around neck)
 j - an uncursed ring of flight
 s - a +6 ring of intelligence (right hand)
 C - a ring of stealth (left hand)
 D - an uncursed ring of positive energy {unknown}
Wands
 l - a wand of enslavement (19)
 u - a wand of random effects (36)
Scrolls
 a - a scroll of enchant weapon
 e - 2 scrolls of fog
 f - 7 scrolls of teleportation
 g - 3 scrolls of identify
 p - 2 scrolls of amnesia
 r - a scroll of brand weapon {unknown}
 v - 4 scrolls of magic mapping
 y - a scroll of blinking {unknown}
Potions
 d - 2 potions of brilliance
 k - 2 potions of might
 q - 4 potions of cancellation
 t - 5 potions of curing
Comestibles
 b - 22 rations


   Skills:
 * Level 3.9(3.7) Fighting
 * Level 3.8(3.6) Dodging
 - Level 1.7(1.5) Stealth
 - Level 8.6(8.3) Spellcasting
 + Level 10.1(9.8) Conjurations
 - Level 3.6(3.3) Hexes
 + Level 4.7(4.5) Air Magic
 - Level 3.7(3.5) Poison Magic


You had 4 spell levels left.
You knew the following spells:

 Your Spells              Type           Power        Failure   Level  Hunger
a - Magic Dart            Conj           ####         1%          1    None
b - Searing Ray           Conj           ######       1%          2    None
c - Dazzling Spray        Conj/Hex       #####.       1%          3    None
d - Iskenderun's Mystic   Conj           ######..     1%          4    ##.....
e - Mephitic Cloud        Conj/Pois/Air  #####...     1%          3    None
f - Fulminant Prism       Conj/Hex       #####.....   3%          4    ##.....
g - Lightning Bolt        Conj/Air       #####.....   9%          5    ####...

Your spell library contained the following spells:

 Spells                   Type           Power        Failure   Level  Hunger
 Conjure Flame            Conj/Fire      #####...     2%          3    None
 Slow                     Hex            ####....     2%          2    None
 Confuse                  Hex            ####....     4%          3    None
 Blink                    Tloc           N/A          9%          2    None
 Call Imp                 Summ           ##......     9%          2    None
 Shock                    Conj/Air       ####         1%          1    None
 Swiftness                Chrm/Air       ###.....     3%          2    None
 Airstrike                Air            ####......   9%          4    ##.....
 Confusing Touch          Hex            ####..       1%          1    None
 Metabolic Englaciation   Hex/Ice        ###.......   63%         5    ####...
 Static Discharge         Conj/Air       #####...     1%          3    None
 Petrify                  Tmut/Erth      ##......     50%         4    ##.....
 Force Lance              Conj/Tloc      #####...     8%          4    ##.....
 Gell's Gravitas          Tloc           ##........   17%         3    None
 Yara's Violent Unravell  Hex/Tmut       ###.......   63%         5    ####...


Dungeon Overview and Level Annotations

Branches:
Dungeon (10/15)            Temple (0/1) D:6             Orc (0/2) D:9
   Lair: D:8-11

Altars:
Ashenzari
Cheibriados
Elyvilon
Gozag
Kikubaaqudgha
Ru
Sif Muna
Wu Jian
Zin

Shops:
D:7 [   D:9 (

Annotations:
D:3 1 runed door, LucyFreshmuffins's ghost, amateur TeFi


Innate Abilities, Weirdness & Mutations

You can breathe blasts of noxious fumes.
Your lurid green scales are hard. (AC +7)
You cannot fit into any form of body armour.
Your system is resistant to poisons. (rPois)
You are cold-blooded and may be slowed by cold attacks.


Message History

Confirm with . or Enter, or press ? or * to list all spells.
Aiming: Searing Ray (safe; 1% risk of failure)
Press: ? - help, Shift-Dir - straight line, f - yak
Aim: a yak The searing ray hits the yak.
The yak is lightly wounded. (Press . to maintain the ray.)
The yak gores you!
The searing ray hits the yak.
The yak is moderately wounded.
The yak gores you!
* * * LOW HITPOINT WARNING * * *
The searing ray hits the yak.
The yak is heavily wounded.
The yak gores you!
* * * LOW HITPOINT WARNING * * *
The searing ray hits the yak.
The yak is almost dead.
You finish channeling your searing ray.
The yak gores you!
You die...

#.........##.......<......
#...##..#......#####......
#...###..###..............
##### ##...####....##.....
###........###.....
####.....#.......
##########.#.........#.
#.......(.....########.
#.....@Y...#### #....
#..........# ##....
#..........# #...##
############ #.### ###


You could see a yak.

Vanquished Creatures
  A two-headed ogre (D:8)
  A centaur skeleton (D:10)
  A hippogriff (D:9)
  A wyvern (D:8)
  2 yaks (D:9)
  A hungry ghost (D:8)
  A water moccasin (D:9)
  3 ice beasts
  An orc warrior (D:7)
  4 phantoms
  3 sky beasts
  2 necrophages
  4 ogres
  A centaur (D:7)
  2 bullfrogs
  2 gnoll sergeants
  3 scorpions
  5 killer bees
  A wight (D:9)
  3 electric eels (D:6)
  7 howler monkeys
  A bullfrog zombie (D:9)
  3 crimson imps
  6 hounds
  2 orc priests
  A bullfrog skeleton (D:9)
  7 jellies
  7 orc wizards
  An iguana (D:8)
  2 worker ants
  2 hound skeletons (D:8)
  A howler monkey skeleton (D:7)
  20 gnolls
  13 adders
  A shadow imp (D:10)
  2 oozes
  An adder skeleton (D:5)
  An adder zombie (D:6)
  A dart slug (D:2)
  4 leopard geckos
  21 orcs
  9 bats
  4 giant cockroaches
  8 goblins
  13 hobgoblins
  13 jackals
  6 kobolds
  2 quokkas (D:6)
  6 frilled lizards
  A leopard gecko skeleton (D:6)
  A leopard gecko zombie (D:8)
  2 quokka skeletons
  A quokka zombie (D:6)
  14 rats
226 creatures vanquished.

Vanquished Creatures (others)
  A human (D:5)
  17 fulminant prisms
  2 fungi (D:10)
  2 plants (D:10)
22 creatures vanquished.

Grand Total: 248 creatures vanquished

Notes
Turn   | Place    | Note
-------+----------+-------------------------------------------
     0 | D:1      | royokou the Draconian Conjurer began the quest for the Orb.
     0 | D:1      | Reached XP level 1. HP: 14/14 MP: 3/3
   329 | D:1      | Reached XP level 2. HP: 20/20 MP: 1/5
   334 | D:1      | Learned a level 2 spell: Searing Ray
  1001 | D:1      | Reached XP level 3. HP: 26/26 MP: 1/7
  1547 | D:1      | Learned a level 3 spell: Dazzling Spray
  1722 | D:2      | Found a snail-covered altar of Cheibriados.
  2157 | D:2      | Reached XP level 4. HP: 33/33 MP: 0/8
  2812 | D:2      | Reached skill level 5 in Conjurations
  3245 | D:3      | Found a runed door.
  3251 | D:3      | Noticed LucyFreshmuffins's ghost (amateur TeFi)
  3326 | D:3      | Found a deep blue altar of Sif Muna.
  3329 | D:3      | Became a worshipper of Sif Muna the Loreminder
  3542 | D:4      | Reached XP level 5. HP: 28/38 MP: 5/10
  3726 | D:4      | Noticed a phantom
  3758 | D:4      | Killed a phantom
  3849 | D:4      | Learned a level 4 spell: Iskenderun's Mystic Blast
  3932 | D:4      | Noticed a phantom
  3960 | D:4      | Killed a phantom
  3960 | D:4      | Reached skill level 6 in Conjurations
  3960 | D:4      | Reached XP level 6. HP: 45/45 MP: 0/12
  4082 | D:4      | Found a white marble altar of Elyvilon.
  4176 | D:4      | Reached * piety under Sif Muna
  4591 | D:4      | Reached skill level 1 in Hexes
  4754 | D:4      | Reached skill level 5 in Spellcasting
  4754 | D:4      | Your scales start taking on a lurid green colour.
  4754 | D:4      | Reached XP level 7. HP: 49/50 MP: 10/14
  4754 | D:4      | Gained mutation: Your system is resistant to poisons. (rPois) [Green Draconian growth]
  4788 | D:4      | Learned a level 3 spell: Mephitic Cloud
  5176 | D:5      | Entered Level 5 of the Dungeon
  5279 | D:5      | You fall through a shaft for 2 floors!
  5489 | D:6      | Reached skill level 1 in Poison Magic
  5509 | D:6      | Reached skill level 7 in Conjurations
  5511 | D:6      | You fall through a shaft for 3 floors!
  5543 | D:8      | Noticed a hungry ghost
  5566 | D:8      | Noticed a wyvern
  5602 | D:8      | HP: 2/50 [hound skeleton (2)]
  5621 | D:7      | Reached ** piety under Sif Muna
  6007 | D:6      | Reached XP level 8. HP: 57/57 MP: 9/16
  6199 | D:5      | Learned a level 4 spell: Fulminant Prism
  6325 | D:5      | Found an ancient bone altar of Kikubaaqudgha.
  6791 | D:6      | Found a sacrificial altar of Ru.
  6871 | D:6      | Found a staircase to the Ecumenical Temple.
  6929 | D:6      | Found a glowing silver altar of Zin.
  7608 | D:7      | Reached skill level 8 in Conjurations
  7631 | D:7      | Found Gooquk's Antique Armour Emporium.
  7672 | D:7      | Bought a glowing cloak for 172 gold pieces
  7711 | D:7      | Reached *** piety under Sif Muna
  7873 | D:7      | Reached XP level 9. HP: 62/62 MP: 8/19
  8154 | D:7      | Found an opulent altar of Gozag.
  8154 | D:7      | Found an ornate altar of the Wu Jian Council.
  8247 | D:8      | Noticed a two-headed ogre
  8255 | D:8      | Killed a two-headed ogre
  8255 | D:8      | Reached skill level 9 in Conjurations
  8255 | D:8      | Reached skill level 1 in Air Magic
  8355 | D:8      | Reached **** piety under Sif Muna
  9161 | D:9      | Reached skill level 10 in Conjurations
  9171 | D:9      | Found a shattered altar of Ashenzari.
  9194 | D:9      | Reached XP level 10. HP: 68/68 MP: 17/22
  9212 | D:9      | Learned a level 5 spell: Lightning Bolt
  9386 | D:9      | Reached skill level 1 in Fighting
  9446 | D:9      | Found Jullos's Antique Weapon Shop.
  9454 | D:9      | Bought a runed falchion for 150 gold pieces
  9510 | D:9      | Found a staircase to the Orcish Mines.
  9553 | D:9      | Reached ***** piety under Sif Muna
  9827 | D:10     | Entered Level 10 of the Dungeon
  9842 | D:10     | Noticed a two-headed ogre
 10230 | D:10     | Noticed a gargoyle
 10525 | D:8      | Slain by a yak

Vault maps used:
D:1:      dpeg_arrival_shrine
D:2:      kennysheep_slug_shrine
D:3:      lemuel_blue_sif_altar, first_ration, ebering_ghost_sewer_d
D:4:      kennysheep_mini_moat
D:5:      tgw_kikubaaqudgha
D:6:      lemuel_doored_altar, minmay_temple_entry_glass, serial_bayou_ford_a,
          nicolae_ru_path_of_blood
D:7:      gammafunk_temple_overflow_elements, serial_shops, nicolae_shop_trees
D:9:      minmay_thick_lines, orc_0_dummy, serial_shops, nicolae_shop_stone,
          supply_closet_lemuel, ashenzari_altar_1
D:10:     david_lair_generic, serial_corexii_hall, corexii_hall_statues_x,
          corexii_hall_statues_s, corexii_hall_statues_l,
          corexii_hall_statues_deadend, uniq_gastronok

Skill      XL: |  1  2  3  4  5  6  7  8  9 10 |
---------------+-------------------------------+-----
Spellcasting   | 3 4 5 7 8 |  8.6
Conjurations   | 5 6 7 8 10 | 10.1
Hexes          | 1 2 3 |  3.6
Poison Magic   | 2 3 |  3.7
Air Magic      | 3 4 |  4.7
Dodging        | 3 |  3.8
Fighting       | 3 |  3.9
Stealth        | |  1.7

Action                   |  1- 3 |  4- 6 |  7- 9 | 10-12 || total
-------------------------+-------+-------+-------+-------++-------
Melee: Dagger            |    28 |    59 |     9 |       ||    96
       Short sword       |       |     7 |       |       ||     7
       Tailslap          |       |     6 |     5 |       ||    11
       Rapier            |       |       |    49 |       ||    49
 Cast: Magic Dart        |    59 |    50 |   176 |    50 ||   335
       Searing Ray       |     4 |    16 |    48 |    30 ||    98
       Dazzling Spray    |       |     2 |     9 |       ||    11
       Mephitic Cloud    |       |       |     7 |       ||     7
       Fulminant Prism   |       |       |    10 |     7 ||    17
       Iskenderun's Myst |       |       |     3 |     1 ||     4
       Lightning Bolt    |       |       |       |     1 ||     1
Invok: Divine Energy     |       |       |     1 |       ||     1
  Use: Scroll            |     4 |     1 |    10 |     1 ||    16
       Potion            |       |       |     6 |       ||     6
 Stab: Sleeping          |     5 |       |       |       ||     5
       Confused          |       |       |     1 |       ||     1
       Invisible         |       |       |     1 |       ||     1
  Eat: Chunk             |     4 |     6 |    16 |     2 ||    28
       Ration            |       |     1 |     1 |     1 ||     3
Armor: Skin              |     8 |    42 |    82 |    27 ||   159
Dodge: Dodged            |    21 |    70 |   114 |    46 ||   251

Table legend:
 A = Spawn XP
 B = Non-spawn XP
 C = Spawn XP percentage of total XP
 D = Spawn monster count
 E = Non-spawn monster count
 F = Spawn count percentage of total count
 G = Total turns spent on level
                    A         B        C        D         E        F      G
               +---------+---------+-------+---------+---------+-------+---------
         Total |       0 |    8282 |   0.0 |       0 |     226 |   0.0 | 10525
               +---------+---------+-------+---------+---------+-------+---------
           D:1 |       0 |      50 |   0.0 |       0 |      28 |   0.0 |  1568
           D:2 |       0 |      80 |   0.0 |       0 |      27 |   0.0 |  1376
           D:3 |       0 |      29 |   0.0 |       0 |      16 |   0.0 |   714
           D:4 |       0 |     590 |   0.0 |       0 |      17 |   0.0 |  1520
           D:5 |       0 |     114 |   0.0 |       0 |       6 |   0.0 |   752
           D:6 |       0 |    1165 |   0.0 |       0 |      29 |   0.0 |  1342
           D:7 |       0 |     864 |   0.0 |       0 |      25 |   0.0 |   855
           D:8 |       0 |    2056 |   0.0 |       0 |      25 |   0.0 |   893
           D:9 |       0 |    2343 |   0.0 |       0 |      34 |   0.0 |  1409
          D:10 |       0 |     991 |   0.0 |       0 |      19 |   0.0 |    96
               +---------+---------+-------+---------+---------+-------+---------
